 Dungeon Crawl Stone Soup version 0.18.1-1-g2f07953 (webtiles) character file.

3712 namelastname112 the Destroyer (level 9, -6/62 HPs)
             Began as a Black Draconian Conjurer on May 7, 2016.
             Mangled by an orc warrior
             ... wielding a +0 club
              (25 damage)
             ... on level 8 of the Dungeon.
             The game lasted 00:15:12 (8630 turns).

namelastname112 the Destroyer (DrCj)                Turns: 8630, Time: 00:15:13

Health: -6/62      AC: 10    Str: 13    XL:     9   Next: 91%
Magic:  1/20       EV: 12    Int: 19    God:
Gold:   567        SH:  0    Dex: 12    Spells: 3 memorised, 15 levels left

rFire  + . .     SeeInvis .     G - +0 hand axe of Devotion {freeze, Fragile rF+ Str+3} (curse)
rCold  . . .     Gourm    .     (armour unavailable)
rNeg   . . .     Faith    .     (no shield)
rPois  .         Spirit   .     (helmet restricted)
rElec  +         Dismiss  .     m - +0 cloak
rCorr  .         Reflect  .     j - +0 pair of gloves
SustAt .         Harm     .     v - +0 pair of boots
MR     .....     Rnd*Tele +     (no amulet)
Stlth  ++........               D - ring of wizardry
                                C - ring of teleportation (curse)

@: short of breath, not resistant to hostile enchantments, unstealthy
A: breathe lightning, unfitting armour, electricity resistance, cold-blooded, AC
+7
a: Breathe Lightning


You were on level 8 of the Dungeon.
You were not hungry.

You visited 2 branches of the dungeon, and saw 9 of its levels.

You collected 567 gold pieces.

Inventory:

Hand Weapons
 g - a +3 dagger of venom
 G - the cursed +0 hand axe of Devotion (weapon) {freeze, Fragile rF+ Str+3}
   (You found it on level 7 of the Dungeon)

   It has been specially enchanted to freeze those struck by it, causing extra
   injury to most foes and up to half again as much damage against particularly
   susceptible opponents.
   It can also slow down cold-blooded creatures.
   It affects your strength (+3).
   It protects you from fire.
   It will be destroyed if unequipped.
   It has a curse placed upon it.
Armour
 j - a +0 pair of gloves (worn)
 m - a +0 cloak (worn)
 v - a +0 pair of boots (worn)
Jewellery
 C - a cursed ring of teleportation (left hand)
 D - a ring of wizardry (right hand)
Wands
 A - a wand of polymorph (8/24)
 J - a wand of iceblast (9/15)
Scrolls
 i - 5 scrolls of identify {unknown}
 o - a scroll of immolation {unknown}
 p - 4 scrolls of remove curse {unknown}
 q - 5 scrolls of recharging {unknown}
 t - 5 scrolls of teleportation {unknown}
 y - a scroll of random uselessness {unknown}
 H - a scroll of enchant weapon {unknown}
 I - a scroll of enchant armour {unknown}
 K - a scroll of vulnerability {unknown}
Potions
 c - 3 potions of curing
 e - a potion of agility {unknown}
 h - 3 potions of berserk rage
 l - a potion of heal wounds
 n - a potion of lignification {unknown}
 r - a potion of haste {unknown}
 u - a potion of ambrosia {unknown}
 w - 3 potions of brilliance {unknown}
 B - 2 potions of mutation {unknown}
 F - a potion of beneficial mutation {unknown}
 L - a potion of magic {unknown}
Books
 a - a book of Conjurations

   Spells                             Type                      Level
   a - Magic Dart                     Conjuration                  1
   b - Searing Ray                    Conjuration                  2
   c - Dazzling Spray                 Conjuration/Hexes            3
   d - Fulminant Prism                Conjuration/Hexes            4
   e - Iskenderun's Mystic Blast      Conjuration                  4
   f - Iskenderun's Battlesphere      Conjuration/Charms           5
 s - a book of Necromancy

   Spells                             Type                      Level
   a - Pain                           Necromancy                   1
   b - Animate Skeleton               Necromancy                   1
   c - Vampiric Draining              Necromancy                   3
   d - Regeneration                   Charms/Necromancy            3
   e - Animate Dead                   Necromancy                   4
   f - Control Undead                 Necromancy                   4
Comestibles
 b - 7 bread rations
 d - 4 beef jerkies
 f - 7 fruits
 k - 2 slices of pizza
 x - 4 meat rations
 z - 2 royal jellies
 E - 3 chunks of flesh


   Skills:
 - Level 1.7 Dodging
 - Level 1.7 Stealth
 + Level 7.8 Spellcasting
 + Level 9.6 Conjurations
 + Level 7.0 Charms


You had 15 spell levels left.
You knew the following spells:

 Your Spells              Type           Power        Failure   Level  Hunger
a - Iskenderun's Battles  Conj/Chrm      #####...     4%          5    #####..
x - Searing Ray           Conj           #####.       1%          2    None
z - Magic Dart            Conj           ####         1%          1    None


Dungeon Overview and Level Annotations

Branches:
Dungeon (8/15)             Temple (1/1) D:6
   Lair: D:8-11

Altars:
Ashenzari
Cheibriados
Elyvilon
Fedhas
Gozag
Kikubaaqudgha
Makhleb
Nemelex Xobeh
Pakellas
Qazlal
Ru
Sif Muna
Yredelemnul
Zin
The Shining One


Innate Abilities, Weirdness & Mutations

You can breathe wild blasts of lightning.
Your glossy black scales are hard (AC +7).
Your body does not fit into most forms of armour.
You are resistant to electric shocks.
You are cold-blooded and may be slowed by cold attacks.


Message History

Aim: an orc warrior, wielding a club and wearing a glowing ring mail (heavily wounded, berserk, fast, unusually strong)
The magic dart hits the orc warrior.
The orc warrior is heavily wounded.
Your battlesphere fires!
The barrage of energy hits the orc warrior.
The orc warrior is heavily wounded.
The orc warrior hits you with a club!
You take 16 damage, and have 37/62 hp.
MASSIVE DAMAGE!!
Read which item? (? for menu, Esc to quit)
Okay, then.
You breathe a wild blast of lightning!
You hear a mighty clap of thunder!
The bolt of lightning misses you.
The orb of electricity explodes!
The orb of electricity engulfs you!
You feel somewhat more hungry. The orc warrior hits you with a club!!
* * * LOW HITPOINT WARNING * * *
You take 19 damage, and have 18/62 hp.
MASSIVE DAMAGE!!
Drink which item? (? for menu, Esc to quit)
You feel much better.
The orc warrior hits you with a club!! x2
You die...

......#.......#.....#
#........._.........#
#.....#)).....#.....#
#.....#...)...#.....#
#.....##...(.##.#.#.###
#.....####)####...*...#
###.......(.((........#
(........#######......###
.†....)..(.(...o@......>#
.....###########......###
.....# #......# .....#
##.##### ..#..+ #.#
..#.<# #.# ..#..# #.#
..#..# #)# .)#####
#)##########


You could see an orc warrior (berserk) and a friendly battlesphere.

Vanquished Creatures
  A hippogriff (D:7)
  2 orc warriors
  2 ice beasts (D:7)
  2 sky beasts (D:5)
  4 black bears
  5 ogres
  2 phantoms
  3 centaurs
  2 giant frogs
  6 scorpions
  3 wights (D:8)
  2 crimson imps
  A quasit (D:5)
  3 centaur skeletons
  A gnoll shaman (D:8)
  4 orc priests
  Crazy Yiuf (D:5)
  5 hounds
  6 orc wizards
  2 iguanas
  6 worker ants
  A hound skeleton (D:8)
  A worker ant zombie (D:7)
  Robin (D:2)
  9 adders
  7 gnolls
  A howler monkey skeleton (D:4)
  A shadow imp (D:8)
  2 oozes
  An adder skeleton (D:8)
  8 worms
  13 dart slugs
  7 giant geckos
  37 orcs
  8 giant cockroaches
  14 goblins
  9 hobgoblins
  4 jackals (D:2)
  8 kobolds
  2 quokkas
  3 ball pythons
  9 bats
  2 giant newts
  A quokka zombie (D:7)
  4 rats
216 creatures vanquished.

Vanquished Creatures (others)
  An orc wizard (D:4)
1 creature vanquished.

Grand Total: 217 creatures vanquished

Notes
Turn   | Place    | Note
--------------------------------------------------------------
     0 | D:1      | namelastname112 the Draconian Conjurer began the quest for the Orb.
     0 | D:1      | Reached XP level 1. HP: 14/14 MP: 3/3
   350 | D:1      | Reached XP level 2. HP: 18/20 MP: 5/5
   358 | D:1      | Learned a level 2 spell: Searing Ray
   640 | D:2      | Reached XP level 3. HP: 20/26 MP: 0/6
  1030 | D:2      | Reached skill level 5 in Conjurations
  1033 | D:2      | Reached XP level 4. HP: 25/33 MP: 6/8
  1034 | D:2      | Noticed Robin
  1046 | D:2      | Killed Robin
  1527 | D:2      | Found an ancient bone altar of Kikubaaqudgha.
  1744 | D:3      | Reached XP level 5. HP: 36/38 MP: 5/10
  2161 | D:3      | Learned a level 5 spell: Iskenderun's Battlesphere
  3035 | D:4      | Found a shattered altar of Ashenzari.
  3044 | D:4      | Reached skill level 1 in Charms
  3046 | D:4      | xeno23: че
  3071 | D:4      | namelastname112: че
  3071 | D:4      | xeno23: rip strick
  3071 | D:4      | namelastname112: ну да
  3215 | D:4      | Reached XP level 6. HP: 45/45 MP: 6/11
  3270 | D:4      | namelastname112: ну
  3270 | D:4      | namelastname112: я хоть баннер получил
  3424 | D:4      | Reached skill level 6 in Conjurations
  3708 | D:4      | Your scales start taking on a glossy black colour.
  3708 | D:4      | Reached XP level 7. HP: 34/50 MP: 1/13
  3708 | D:4      | Gained mutation: You are resistant to electric shocks. [Black Draconian growth]
  3843 | D:4      | xeno23: norm color
  3974 | D:4      | namelastname112: da
  4326 | D:4      | Reached skill level 5 in Spellcasting
  4661 | D:5      | Entered Level 5 of the Dungeon
  4737 | D:5      | Found a blossoming altar of Fedhas.
  4948 | D:5      | Reached skill level 7 in Conjurations
  5015 | D:5      | Reached XP level 8. HP: 45/57 MP: 4/16
  5173 | D:5      | xeno23: наверно драконом тоже попробую след забег
  5210 | D:5      | xeno23: только класс надо выбрать
  5232 | D:5      | namelastname112: fi
  5232 | D:5      | namelastname112: хули
  5330 | D:5      | xeno23: ну это skoochno
  5355 | D:5      | namelastname112: togda sk
  5378 | D:5      | Noticed Crazy Yiuf
  5383 | D:5      | Killed Crazy Yiuf
  5389 | D:5      | xeno23: ну ээто поинтересней
  5489 | D:5      | xeno23: но мне же очко порвут
  5568 | D:5      | xeno23: я стрик хочу
  5605 | D:5      | Found a deep blue altar of Sif Muna.
  5694 | D:6      | Reached skill level 8 in Conjurations
  5749 | D:6      | namelastname112: ну бля
  5749 | D:6      | xeno23: либо тм либо кж наверно
  5749 | D:6      | namelastname112: если стрик хочешь
  5749 | D:6      | namelastname112: то бери бе
  5749 | D:6      | namelastname112: возьми вз вообще
  5754 | D:6      | Found a staircase to the Ecumenical Temple.
  5780 | D:6      | xeno23: ты же сам говорил что визарды хуита
  5805 | D:6      | Reached skill level 5 in Charms
  5867 | D:6      | xeno23: хотя можно и визарда
  5867 | D:6      | namelastname112: ну тебе ж нравится
  5876 | D:6      | xeno23: ну да, бест бук
  6131 | Temple   | Entered the Ecumenical Temple
  6143 | Temple   | xeno23: не люблю искать репел и блинк до дептсов
  6269 | D:6      | xeno23: ну в смысле не находить
  6313 | D:6      | Found a stormy altar of Qazlal.
  6313 | D:6      | Noticed an air elemental
  6384 | D:6      | Reached XP level 9. HP: 48/62 MP: 11/18
  6585 | D:6      | Found a white marble altar of Elyvilon.
  6689 | D:6      | xeno23: но я наверно завтра буду играть
  6828 | D:6      | xeno23: устал, не хочу стрик проебать
  6830 | D:7      | namelastname112: ну правильно
  6830 | D:7      | namelastname112: нехуй уставшим
  6978 | D:7      | Got a jewelled hand axe
  6979 | D:7      | Identified the cursed +0 hand axe of Devotion {freeze, Fragile rF+ Str+3} (You found it on level 7 of the Dungeon)
  7476 | D:7      | Found a glowing golden altar of the Shining One.
  7517 | D:7      | Reached skill level 9 in Conjurations
  7732 | D:8      | Found a glowing silver altar of Zin.
  8096 | D:8      | Found a sparkling altar of Nemelex Xobeh.
  8096 | D:8      | Found an opulent altar of Gozag.
  8630 | D:8      | Mangled by an orc warrior

Skill      XL: |  1  2  3  4  5  6  7  8  9 |
---------------+----------------------------+-----
Spellcasting   | 3 4 5 6 7 |  7.8
Conjurations   | 5 6 7 8 9 |  9.6
Charms         | 1 2 3 5 7 |  7.0
Dodging        | |  1.7
Stealth        | |  1.7

Action                   |  1- 3 |  4- 6 |  7- 9 || total
-------------------------+-------+-------+-------++-------
Melee: Unarmed           |    17 |       |       ||    17
       Dagger            |    65 |    89 |    79 ||   233
       Tailslap          |     9 |     9 |     8 ||    26
       Hand axe          |       |       |    16 ||    16
 Cast: Magic Dart        |    28 |    97 |   198 ||   323
       Searing Ray       |     2 |     9 |    30 ||    41
       Iskenderun's Batt |       |       |    16 ||    16
 Abil: Breathe Lightning |       |       |     5 ||     5
Evoke: Wand              |       |       |     1 ||     1
  Use: Potion            |       |       |     3 ||     3
 Stab: Sleeping          |       |       |     2 ||     2
  Eat: Chunk             |       |    10 |    20 ||    30
Armor: Skin              |    44 |    27 |   100 ||   171
Dodge: Dodged            |    74 |    60 |   131 ||   265
